 Dungeon Crawl Stone Soup version 0.27-a0-404-g4390dbc5be (webtiles) character file.

Game seed: 6100205449822954727

1 CurlyBrace the Caller (level 1, -5/7 HPs)
             Began as a Felid Summoner on Feb 22, 2021.
             Killed from afar by a dart slug (7 damage)
             ... with a slug dart
             ... on level 3 of the Dungeon.
             The game lasted 00:01:17 (106 turns).

CurlyBrace the Caller (Felid Summoner)               Turns: 106, Time: 00:01:17

Health: -5/7       AC:  1    Str:  4    XL:     1   Next: 16%
Magic:  4/4        EV: 18    Int: 16    God:
Gold:   32         SH:  0    Dex: 16    Spells: 3/4 levels left
                                        Lives:  0   Deaths: 0

rFire    . . .     SeeInvis +   (weapon unavailable)
rCold    . . .     Faith    .   (shield unavailable)
rNeg     . . .     Spirit   .   (armour unavailable)
rPois    .         Reflect  .   (helmet unavailable)
rElec    .         Harm     .   (cloak unavailable)
rCorr    .         Rampage  .   (gloves unavailable)
Will     .....                  (boots unavailable)
Stlth    +++.......             (no amulet)
HPRegen  0.02/turn              (no ring)
MPRegen  0.09/turn              (no ring)

@: quick
A: very small, no armour, no weapons or thrown items, stealth, claws 1, fangs 3,
see invisible, speed 1, shaggy fur 1, sharp paws
a: no special abilities


You were on level 3 of the Dungeon.
You visited 1 branch of the dungeon, and saw 3 of its levels.

You collected 32 gold pieces.

You aren't carrying anything.


   Skills:
 * Level 0.1 Fighting
 + Level 2.7 Dodging
 + Level 2.7 Stealth
 * Level 0.1 Unarmed Combat
 - Level 2.0 Spellcasting
 - Level 4.0 Summonings


You had 3 spell levels left.
You knew the following spells:

 Your Spells              Type           Power        Failure   Level
a - Summon Small Mammal   Summ           56%          4%          1

Your spell library contained the following spells:

 Spells                   Type           Power        Failure   Level
 Call Imp                 Summ           14%          6%          2
 Call Canine Familiar     Summ           14%          12%         3
 Summon Guardian Golem    Hex/Summ       8%           26%         3
 Summon Ice Beast         Ice/Summ       8%           65%         4
 Summon Lightning Spire   Summ/Air       8%           65%         4


Dungeon Overview and Level Annotations

Branches:
Dungeon (3/15)

Altars:

Annotations:
D:3 Grinder, Sigmund


Innate Abilities, Weirdness & Mutations

You cannot wear armour.
You are incapable of wielding weapons or throwing items.
Your paws allow you to move quietly. (Stealth)
You have sharp claws.
You have razor-sharp teeth.
You have supernaturally acute eyesight. (SInv)
You cover ground quickly.
You are covered in fur. (AC +1)
Your sharp claws are effective at attacking unaware monsters.


Message History

You scratch the hobgoblin but do no damage.
The hobgoblin is lightly wounded.
Grinder comes into view.
The hobgoblin misses you. The rat completely misses you.
Unknown command.
Unknown command.
You scratch the hobgoblin.
The hobgoblin is severely wounded.
The rat bites you.
* * * LOW HITPOINT WARNING * * *
The hobgoblin completely misses you.
Unknown command.
Unknown command.
You barely miss the rat.
An orc comes into view. It is wielding a +0 club.
The rat closely misses you. The hobgoblin misses you.
Unknown command.
Unknown command.
You scratch the rat.
You kill the rat!
Unknown command.
The hobgoblin throws a stone.
The stone closely misses you.
You see here a rat corpse.
Casting: Summon Small Mammal (safe; 4% risk of failure)
Confirm with . or Enter, or press ? or * to list all spells.
The hobgoblin throws a stone.
The stone closely misses you.
Your bat hits the hobgoblin but does no damage.
The hobgoblin closely misses your bat.
Your bat hits the hobgoblin but does no damage.
Your bat hits the hobgoblin but does no damage.
Found an escape hatch in the ceiling.
A dart slug comes into view.
A giant cockroach comes into view.
Found 16 gold pieces.
The giant cockroach completely misses you.
Your bat hits the dart slug but does no damage.
The dart slug launches a dart at you. The slug dart hits you!
Ouch! That really hurt!
You die...

######### #.......#
##
##.####.######.#####
#..###....b.......#
##..#####.w@...#
##.b# #..B<.#..#
##g# #..#### .# #5#
#.$# #.# #..# #o#
#..# #.. #..# #..
.... #......


You could see a dart slug, a giant cockroach and a friendly bat (summoned).

Vanquished Creatures
  A kobold (D:2)
  A rat (D:3)
2 creatures vanquished.

Notes
Turn   | Place    | Note
-------+----------+-------------------------------------------
     0 | D:1      | CurlyBrace the Felid Summoner began the quest for the Orb.
     0 | D:1      | Reached XP level 1. HP: 7/7 MP: 4/4
    69 | D:3      | Noticed Sigmund
    87 | D:3      | Noticed Grinder
   106 | D:3      | Killed from afar by a dart slug

Illustrated notes

Levels and vault maps discovered:
D:1:      amcnicky_arrival_flooded_fountain, layout_loops_ring,
          serial_bayou_pond_d
D:2:      layout_rooms, grunt_qazlal_clouds, minmay_door_square
D:3:      layout_rooms, uniq_grinder, uniq_sigmund

Action                   || total
-------------------------++-------
Melee: Unarmed           ||     7
       Bite              ||     1
 Cast: Summon Small Mamm ||     1
  Use: Scroll            ||     3
Dodge: Dodged            ||    15

Table legend: (Time is in decaauts)
 A = Elapsed time spent in this place.
 B = Non-inter-level travel time spent in this place.
 C = Inter-level travel time spent in this place.
 D = Time resting spent in this place.
 E = Time spent auto-exploring this place.
 F = Levels seen in this place.
 G = Mean time per level.
                   A        B        C        D        E       F      G
               +--------+--------+--------+--------+--------+-----+--------+
         Total |     90 |     90 |      0 |      0 |      0 |   3 |   30.0 |
       Dungeon |     90 |     90 |      0 |      0 |      0 |   3 |   30.0 |
               +--------+--------+--------+--------+--------+-----+--------+

Top non-repeatable levels by time:
     D:2: 42 daAuts
     D:3: 32 daAuts
     D:1: 15 daAuts
